Map: Kairos Junction LE

Players

HellraiseR - Winner!

  • Race: Protoss Protoss
  • Spawn Location: 11:00

BuRning

  • Race: Terran Terran
  • Spawn Location: 5:00

Event: 2019 WCS Spring

VOD

Have the link to the VOD?

Description

Time

  • Played on: May 17, 2019, 11:08 a.m.
  • Length: 8:46

All games in this series

Show
View Real Time Build Order
Export as new Build Order

HellraiseR Protoss - Winner!

Build Orders: Proxy Void Ray 

Get SALT Encoding   

  12  0:00  Probe  
  13  0:12  Probe  
  14  0:18  Pylon  
  14  0:23  Probe  
  15  0:32  Probe  
  15  0:38  Gateway  
  15  0:40  Probe  
  16  0:46  Assimilator  
  17  0:52  Probe  
  18  1:01  Assimilator  
  18  1:04  Probe  
  19  1:12  Pylon  
  19  1:16  Probe  
  20  1:25  Cybernetics Core  
  20  1:28  Zealot  
  20  1:31  Probe  
  23  1:43  Probe  
  23  1:46  Pylon  
  24  1:51  Adept  
  24  1:55  Probe  
  24  2:01  Stargate  
  25  2:06  Warp Gate  
  25  2:07  Probe  
  28  2:16  Pylon  
  28  2:19  Probe  
  29  2:24  Stalker  
  31  2:32  Void Ray  
  31  2:49  Pylon  
  33  3:07  Void Ray  
  33  3:11  Shield Battery  
  33  3:12  Shield Battery  
  37  3:27  Shield Battery x2  
  36  3:45  Void Ray  
  40  4:09  Nexus  
  40  4:15  Stalker  
  42  4:25  Void Ray  
  46  4:41  Robotics Facility  
  46  4:54  Probe  
  47  5:13  Pylon  
  47  5:18  Shield Battery  
  47  5:20  Void Ray  
  51  5:25  Probe  
  52  5:28  Probe  
  52  5:33  Probe  
  53  5:36  Probe  
  53  5:41  Observer, Stalker, Probe  
  58  5:48  Gateway  
  60  5:53  Probe  
  60  5:54  Gateway  
  60  5:56  Probe  
  61  6:02  Observer  
  62  6:05  Probe  
  62  6:07  Stalker  
  62  6:08  Probe  
  66  6:17  Probe  
  67  6:20  Probe  
  67  6:24  Immortal  
  68  6:25  Twilight Council  
  68  6:32  Stalker  
  66  6:39  Pylon  
  70  6:52  Charge  
  70  6:54  Gateway  
  70  6:55  Gateway  
  70  6:57  Gateway  
  70  7:00  Probe  
  70  7:01  Probe  
  72  7:10  Gateway, Warp Prism  
  72  7:13  Gateway  
  74  7:28  Zealot, Sentry  
  78  7:32  Pylon  
  78  7:37  Pylon  
  78  7:52  Zealot x2  
  78  7:53  Zealot x2  
  78  7:56  Zealot x2  
  90  8:05  Assimilator  
  90  8:06  Probe x2  
  90  8:08  Assimilator  
  90  8:09  Templar Archives  
  92  8:20  Zealot  
  92  8:23  Pylon  
  92  8:25  Pylon  
  87  8:43  Zealot x4  
Show
View Real Time Build Order
Export as new Build Order

BuRning Terran 

Build Orders:  

Get SALT Encoding   

  12  0:00  SCV  
  13  0:13  SCV  
  14  0:17  Supply Depot  
  14  0:25  SCV  
  15  0:39  SCV  
  15  0:40  Barracks  
  16  0:46  Refinery  
  16  0:51  SCV  
  16  0:56  Refinery  
  17  1:03  SCV  
  18  1:15  SCV  
  19  1:26  Reaper  
  19  1:27  Orbital Command  
  20  1:35  Supply Depot  
  20  1:43  Bunker  
  20  1:52  Factory  
  20  1:56  SCV  
  22  2:01  Reaper  
  22  2:18  SCV  
  23  2:30  SCV  
  23  2:35  Reaper  
  25  2:42  Factory Tech Lab  
  25  2:45  SCV  
  25  2:47  Command Center  
  25  3:05  SCV  
  25  3:09  Cyclone  
  25  3:12  Barracks  
  29  3:18  Bunker  
  29  3:19  SCV  
  30  3:33  Engineering Bay  
  30  3:35  SCV  
  30  3:43  Factory Tech Lab  
  29  3:48  SCV  
  29  4:00  SCV  
  29  4:03  Marine  
  29  4:04  Cyclone  
  29  4:05  Orbital Command  
  29  4:08  Supply Depot  
  33  4:17  Missile Turret  
  33  4:31  SCV  
  32  4:36  Barracks  
  32  4:46  SCV  
  32  4:49  Marine  
  32  4:52  Factory Tech Lab  
  32  4:58  SCV  
  33  5:00  SCV  
  33  5:03  Marine  
  29  5:14  SCV  
  29  5:15  SCV  
  29  5:20  Marine  
  30  5:23  Marine  
  30  5:24  Marine  
  30  5:35  Bunker  
  30  5:38  Marine  
  30  5:41  Marine  
  30  5:42  Cyclone  
  30  5:50  Marine  
  30  5:51  SCV  
  30  5:56  Marine  
  30  5:59  Missile Turret  
  30  6:00  Marine  
  31  6:07  Marine  
  32  6:23  Supply Depot  
  31  6:31  Bunker  
  29  6:40  Barracks Tech Lab  
  29  6:41  Starport  
  29  6:44  Marine  
  29  6:45  Cyclone  
  29  6:46  Supply Depot  
  31  6:47  Starport, Marine  
  31  7:05  Marine  
  31  7:07  Marine  
  31  7:08  SCV, Marine  
  34  7:17  Widow Mine  
  36  7:22  Marine  
  36  7:25  Marine  
  36  7:27  Marine  
  36  7:33  Viking  
  38  7:40  Marine, Supply Depot  
  37  7:47  Marine  
  37  7:48  Marine  
  35  7:52  Cyclone  
  35  7:53  SCV  
  39  8:01  Marine  
  39  8:02  Supply Depot  
  39  8:05  Marine  
  40  8:07  Medivac  
  43  8:13  Marine  
  43  8:19  Marine  
Tags
 
Add a new tag
Caveats
  • Supply blocks, unpowered buildings, or Contaminate may cause inaccurate times.
  • Supply counts are checked every 10 seconds.